 Dungeon Crawl Stone Soup version 0.29.1-15-g9cfb28693d (webtiles) character file.

Game seed: 12805663924807850262

1044 HakonGodeson the Ruffian (level 8, -5/78 HPs)
             Began as a Troll Chaos Knight on Mar 30, 2023.
             Was a Plaything of Xom.
             Slain by an ogre
             ... wielding a +0 giant club
              (22 damage)
             ... on level 6 of the Dungeon.
             The game lasted 00:06:14 (993 turns).

HakonGodeson the Ruffian (Troll Chaos Knight)        Turns: 993, Time: 00:06:15

Health: -5/78      AC:  6    Str: 21    XL:     8   Next: 4%
Magic:  7/7        EV: 10    Int: 24    God:    Xom [..*...]
Gold:   117        SH:  0    Dex:  9    Spells: 3/8 levels left

rFire   . . .      SeeInvis .   g - +0 mace of Xeenniy {distort, *Noise Int+8}
rCold   . . .      Faith    .   (no shield)
rNeg    . . .      Spirit   .   a - +2 robe
rPois   .          Reflect  .   (helmet restricted)
rElec   .          Harm     .   (no cloak)
rCorr   .          Rampage  .   (gloves unavailable)
Will    .....                   (boots unavailable)
Stlth   +.........              (no amulet)
HPRegen 1.03/turn               c - +6 ring of intelligence
MPRegen 0.10/turn               (no ring)

@: no status effects
A: large, unfitting armour, claws 3, regeneration 1, shaggy fur 1, tough skin 1
a: Renounce Religion


You were on level 6 of the Dungeon.
You worshipped Xom.
You were a toy of Xom.
You visited 1 branch of the dungeon, and saw 6 of its levels.

You collected 117 gold pieces.

Inventory:

Hand Weapons
 g - the +0 mace of Xeenniy (weapon) {distort, *Noise Int+8}
   (You found it on level 2 of the Dungeon)

   It warps and distorts space around it, and may blink, banish, or inflict
   extra damage upon those it strikes.
   Unwielding it can cause banishment or high damage.
   Int:       It affects your intelligence (+8).
   *Noise:    It may make noises in combat.
Armour
 a - a +2 robe (worn)
Jewellery
 c - a +6 ring of intelligence (left claw)
Wands
 f - a wand of iceblast (6)
 l - a wand of quicksilver (4)
Scrolls
 k - a scroll of identify {unknown}
 m - a scroll of enchant weapon {unknown}
Potions
 d - a potion of mutation {unknown}
 e - 2 potions of might {unknown}
 h - a potion of haste {unknown}
 i - a potion of ambrosia {unknown}
 j - a potion of attraction {unknown}
Miscellaneous
 b - a piece from Xom's chessboard (15/15) (quivered)


   Skills:
 * Level 3.9 Fighting
 * Level 2.9 Maces & Flails
 * Level 1.9 Armour
 * Level 3.6 Dodging
 * Level 1.2 Stealth
 * Level 5.2 Unarmed Combat
 * Level 0.6 Spellcasting
 * Level 0.6 Summonings
 * Level 0.8 Translocations
 * Level 1.6 Evocations


You had 3 spell levels left.
You knew the following spells:

 Your Spells              Type           Power      Damage    Failure   Level
a - Summon Forest         Summ/Tloc      2%         N/A       96%         5

Your spell library contained the following spells:

 Spells                   Type           Power      Damage    Failure   Level
 Summon Mana Viper        Hex/Summ       2%         N/A       98%         5
 Summon Cactus Giant      Summ           1%         N/A       100%        6


Dungeon Overview and Level Annotations

Branches:
Dungeon (6/15)
 Temple: D:4-7

Altars:
Ashenzari
Okawaru
The Shining One


Innate Abilities, Weirdness & Mutations

You are too large for most types of armour.
You have claws for hands.
Your natural rate of healing is unusually fast.
You are covered in fur. (AC +1)
You have tough skin. (AC +1)


Message History

You miss the bullfrog.
The bullfrog is heavily wounded.
The bullfrog releases a deep croak.
The bullfrog hits you. x2
The phantom is engulfed in seething chaos.
The phantom closely misses you.
You hit the bullfrog.
Space warps around the bullfrog.
You kill the bullfrog!
The gnoll hits you with a +0 flail.
The phantom is engulfed in seething chaos.
The phantom hits you but does no damage.
You have reached level 8!
You hit the gnoll.
The gnoll is moderately wounded.
The gnoll blinks!
An ogre comes into view. It is wielding a +0 giant club.
The phantom hits you. The gnoll hits you with a +0 flail.
* * * LOW HITPOINT WARNING * * *
The phantom hits you.
* * * LOW HITPOINT WARNING * * *
The phantom blinks!
You blink.
The ogre moves out of view.
You closely miss the phantom.
The phantom hits you but does no damage.
You closely miss the phantom. The phantom closely misses you.
You miss the phantom. The phantom closely misses you. The gnoll misses you.
You closely miss the phantom.
Your mace of Xeenniy says, "Ssh!
Did you hear that?"
You hear a shout! x8
The phantom closely misses you. The gnoll hits you with a +0 flail.
The phantom hits you.
* * * LOW HITPOINT WARNING * * *
An orc wizard comes into view. It is wielding a +0 dagger.
You miss the phantom. The gnoll hits you with a +0 flail.
* * * LOW HITPOINT WARNING * * *
The phantom barely misses you.
You closely miss the phantom. The gnoll barely misses you.
An orc priest comes into view. It is wielding a +0 mace.
The ogre hits you with a +0 giant club!!
You die...
Xom guffaws!

## .. ...####. ..
..#....### ...
...<.....# ...#
..#.....W# .....
#.#....@.##
.....##.#.#.gO.....#
#.......#.#..........
........#............
....###)..#..#.......
. #).<.......o#'.
#)#...>.....# #
#......#.o...
+......# .


You could see an ogre, a phantom, an orc priest, an orc wizard and a gnoll.

Vanquished Creatures
  Sigmund (D:4)
  A hog (D:4)
  An ogre (D:5)
  A bullfrog (D:6)
  A necrophage (D:5)
  3 scorpions
  A howler monkey (D:5)
  An orc priest (D:5)
  A jelly (D:4)
  A gnoll bouda (D:6)
  A hound (D:5)
  Jessica (D:2)
  4 iguanas
  3 gnolls
  An adder (D:4)
  A dart slug (D:5)
  8 orcs
  2 bats (D:3)
  2 endoplasms
  3 giant cockroaches
  5 goblins
  A hobgoblin (D:2)
  6 jackals (D:2)
  A quokka (D:5)
  A frilled lizard (D:2)
  2 kobolds
  A rat (D:2)
55 creatures vanquished.

Notes
Turn   | Place    | Note
-------+----------+-------------------------------------------
     0 | D:1      | HakonGodeson the Troll Chaos Knight began the quest for the
                  | Orb.
     0 | D:1      | Reached XP level 1. HP: 22/22 MP: 0/0
    91 | D:2      | XOM: silly message
   127 | D:2      | Reached XP level 2. HP: 29/29 MP: 1/1
   206 | D:2      | Found a faded altar of an unknown god.
   247 | D:2      | XOM: potion effect (curing)
   274 | D:2      | Noticed Jessica
   277 | D:2      | XOM: butterfly on damage
   278 | D:2      | Killed Jessica
   279 | D:2      | Reached XP level 3. HP: 26/36 MP: 2/2
   377 | D:2      | Identified the +0 mace of Xeenniy {distort, *Noise Int+8}
   480 | D:4      | Found a glowing golden altar of the Shining One.
   484 | D:4      | Found an iron altar of Okawaru.
   484 | D:4      | Noticed a black bear
   487 | D:4      | Noticed a hog
   487 | D:4      | a black bear changed into a hog
   487 | D:4      | XOM: polymorph black bear -> hog
   492 | D:4      | XOM: blink monster(s)
   498 | D:4      | XOM: potion effect (might)
   501 | D:4      | Killed a hog
   502 | D:4      | Reached skill level 1 in Armour
   502 | D:4      | Reached skill level 4 in Unarmed Combat
   502 | D:4      | Reached XP level 4. HP: 43/45 MP: 3/3
   502 | D:4      | Reached XP level 5. HP: 50/53 MP: 4/4
   516 | D:4      | Reached skill level 1 in Evocations
   568 | D:4      | XOM: silly message
   571 | D:4      | Reached skill level 1 in Maces & Flails
   571 | D:4      | Reached XP level 6. HP: 36/61 MP: 5/5
   591 | D:4      | Found a broken altar of Ashenzari.
   608 | D:4      | Noticed Sigmund
   614 | D:4      | XOM: divination: magic mapping
   615 | D:4      | XOM: cast spell 'Alistair's Intoxication'
   625 | D:4      | XOM: potion effect (brilliance)
   636 | D:4      | Killed Sigmund
   637 | D:4      | Reached skill level 1 in Stealth
   663 | D:5      | Entered Level 5 of the Dungeon
   667 | D:5      | Reached skill level 5 in Unarmed Combat
   678 | D:5      | XOM: enchant monster (good)
   687 | D:5      | Reached XP level 7. HP: 67/67 MP: 6/6
   700 | D:5      | Learned a level 5 spell: Summon Forest
   922 | D:5      | XOM: cloud trail
   987 | D:6      | Reached XP level 8. HP: 28/78 MP: 7/7
   993 | D:6      | Slain by an ogre

Illustrated notes

Levels and vault maps discovered:
D:1:      matt_arrival_los_fun, layout_basic, kennysheep_boxes
D:2:      layout_rooms, shapermc_ecumenical_altar_totnotflames,
          minmay_misc_feat_more_columns, grunt_decor_fettered,
          cheibrodos_gnoll_hut, uniq_natasha, uniq_crazy_yiuf_cottage,
          uniq_jessica
D:3:      layout_basic, mainiacjoe_overflow_alcove_2, grunt_gozag_statues,
          lemuel_zombie_altar_kikubaaqudgha
D:4:      layout_cave_pools, mainiacjoe_overflow_concentric_impassable,
          kennysheep_little_box, evilmike_ruin_ashenzari, okawaru_gym_becter,
          dreamdust_wishing_well, minmay_rat_hole, uniq_sigmund, uniq_eustachio
D:5:      layout_cave_pools, mainiacjoe_overflow_surrounded_room, st_stairs_7
D:6:      layout_basic

Skill      XL: |  1  2  3  4  5  6  7 |
---------------+----------------------+-----
Dodging        | 2 3 |  3.6
Fighting       | 3 |  3.9
Armour         | 1 |  1.9
Unarmed Combat | 4 5 |  5.2
Evocations     | 1 |  1.6
Maces & Flails | 1 2 |  2.9
Stealth        | 1 |  1.2
Spellcasting   | |  0.6
Summonings     | |  0.6
Translocations | |  0.8

Action                   |  1- 3 |  4- 6 |  7- 9 || total
-------------------------+-------+-------+-------++-------
Melee: Unarmed           |    50 |       |       ||    50
       Mace              |    11 |    40 |    63 ||   114
       Punch             |       |     2 |       ||     2
Evoke: Piece from Xom's  |     4 |     1 |     1 ||     6
       Wand              |       |     1 |     5 ||     6
  Use: Scroll            |       |     1 |       ||     1
 Stab: Confused          |     1 |       |       ||     1
       Petrified         |       |     2 |       ||     2
Armor: Robe              |    34 |    18 |    38 ||    90
Dodge: Dodged            |    47 |    21 |    67 ||   135
